AoeStats
← Lazy Dog

Arabia

510401290Analyzed
2v2 RM · 12h ago on Sep 30, 2026· 45m 12s· 4 players
Game mode
Random Map
Map size
Medium (4 player)
Population
200
Speed
Normal
Resources
Standard
Victory
Conquest
Starting age
Dark Age
Ending age
Imperial Age
RankedLock teamsTeams togetherTeam positionsShared explorationLock speedFull tech treeHidden civsTurbo modeCheats
Victory
Defeat
🇬🇧 Romans · United Kingdom
1171
+13
🇺🇸 Ethiopians · United States
1149
+15
🇧🇷 Britons · Brazil
1109
-14
🇧🇷 Magyars · Brazil
1108
-14
Thay_ragnar
6:36 Loom
9:18 Feudal Age
9:52 Double-Bit Axe
9:56 Horse Collar
22:01 Wheelbarrow
25:54 Castle Age
25:15 Gold Mining
25:31 Scale Barding Armor
26:15 Fletching
26:50 Bloodlines
26:51 Bow Saw
26:38 Elite Skirmisher
35:42 Chain Barding Armor
46:01 Imperial Age
LEVIR NERES
7:22 Loom
9:20 Feudal Age
10:34 Double-Bit Axe
20:29 Castle Age
19:07 Fletching
19:51 Gold Mining
21:11 Wheelbarrow
21:09 Padded Archer Armor
20:39 Crossbowman
22:58 Elite Skirmisher
31:16 Bodkin Arrow
34:52 Stone Mining
40:25 Leather Archer Armor
40:26 Horse Collar
44:47 Imperial Age
43:29 Ballistics
Kazule
6:33 Loom
9:52 Feudal Age
10:56 Double-Bit Axe
15:18 Fletching
25:35 Castle Age
23:47 Horse Collar
26:28 Bow Saw
26:16 Bodkin Arrow
25:45 Crossbowman
30:04 Thumb Ring
31:29 Padded Archer Armor
36:58 Heavy Plow
38:00 Ballistics
39:32 Wheelbarrow
Lazy Dog
6:42 Loom
7:05 Loom
7:09 Loom
10:12 Feudal Age
10:30 Man-at-Arms
16:16 Wheelbarrow
20:09 Castle Age
19:49 Scale Mail Armor
20:00 Forging
19:38 Double-Bit Axe
19:34 Horse Collar
20:03 Gold Mining
21:54 Squires
22:06 Long Swordsman
24:28 Bow Saw
26:22 Heavy Plow
28:04 Hand Cart
28:26 Gold Shaft Mining
29:57 Pikeman
37:39 Imperial Age
37:43 Legionary
38:22 Heavy Scorpion
39:05 Halberdier
40:05 Capped Ram
41:51 Conscription
42:28 Chain Mail Armor
42:55 Iron Casting
45:10 Siege Ram
Connection lost

Rejoining the realm…

Still unreachable

The connection could not be restored.

Session expired

The server has moved on; the page needs a fresh start.